 Dungeon Crawl Stone Soup version 0.23-a0-837-ga3e6480 (webtiles) character file.

232678 Arthanis the Eclecticist (level 19, -14/98 HPs)
             Began as a Deep Elf Fire Elementalist on Jan 24, 2019.
             Was the Champion of Vehumet.
             Killed from afar by a rakshasa (30 damage)
             ... with an orb of energy
             ... on level 1 of the Depths.
             The game lasted 02:09:44 (25027 turns).

Arthanis the Eclecticist (DEFE)                    Turns: 25027, Time: 02:09:44

Health: -14/98     AC: 15    Str:  5    XL:     19   Next: 18%
Magic:  13/71      EV: 17    Int: 29    God:    Vehumet [******]
Gold:   402        SH:  5    Dex: 11    Spells: 6/56 levels left

rFire    + . .     SeeInvis .   X - +2 rapier of Untimely Demise {freeze, rF+ MP+9 Dex-4}
rCold    + . .     Gourm    .   h - +1 buckler {rC+}
rNeg     . . .     Faith    .   A - +4 troll leather armour
rPois    .         Spirit   .   o - +2 hat
rElec    .         Reflect  .   O - scarf {repulsion}
rCorr    .         Harm     .   W - +2 pair of gloves
MR       +....                  P - +0 pair of boots
Stlth    ++........             v - amulet of magic regeneration
HPRegen  1.66/turn              L - ring of magical power
MPRegen  0.67/turn              j - ring of magical power

@: very slightly contaminated, regenerating, studying Ice Magic, repel missiles
A: no striking features
a: Renounce Religion


You were on level 1 of the Depths.
You worshipped Vehumet.
Vehumet was exalted by your worship.
You were near starving.

You visited 6 branches of the dungeon, and saw 28 of its levels.
You also visited: Bailey, Ice Cave, Volcano and Wizlab.

You collected 4916 gold pieces.
You spent 4514 gold pieces at shops.

Inventory:

Hand Weapons
 H - the +8 spear of Somewhere Else {speed, rPois rF+}
   (You found it on level 10 of the Dungeon)

   Attacks with this weapon are significantly faster.
   It protects you from fire.
   It protects you from poison.
 S - a +8 great sword of flaming
 X - the +2 rapier of Untimely Demise (weapon) {freeze, rF+ MP+9 Dex-4}
   (You bought it in a shop on level 1 of the Elven Halls)

   It has been specially enchanted to freeze those struck by it, causing extra
   injury to most foes and up to half again as much damage against particularly
   susceptible opponents.
   It can also slow down cold-blooded creatures.
   It affects your dexterity (-4).
   It protects you from fire.
   It affects your magic capacity (+9).
Missiles
 F - 9 throwing nets (quivered)
Armour
 h - a +1 buckler of cold resistance (worn)
 o - a +2 hat (worn)
 A - a +4 troll leather armour (worn)
 O - a scarf of repulsion (worn)
 P - a +0 pair of boots (worn)
 W - a +2 pair of gloves (worn)
 Y - the +4 skin of Zhor {Hibernate rC+++ SInv}
   (You took it off a deep elf annihilator on level 3 of the Elven Halls)

   It renders you almost immune to cold.
   It lets you see invisible.
Magical Staves
 k - an uncursed staff of fire
 U - an uncursed staff of wizardry
Jewellery
 j - a ring of magical power (right hand)
 p - an uncursed ring of fire
 s - the amulet "Ofiaqystruat" {Reflect rElec SH+5}
   (You bought it in a shop on level 13 of the Dungeon)

   [amulet of reflection]

   It shields you and reflects attacks.
   It insulates you from electricity.
   It affects your SH (+5).
 t - the ring "Liedolas" {rF+ MR+ Dex+2 SInv}
   (You took it off a deep elf death mage on level 3 of the Elven Halls)

   [ring of dexterity]

   It affects your dexterity (+2).
   It protects you from fire.
   It affects your resistance to hostile enchantments.
   It lets you see invisible.
 v - an amulet of magic regeneration (around neck)
 x - an uncursed ring of flight
 L - a ring of magical power (left hand)
Wands
 a - a wand of paralysis (6)
 n - a wand of digging (8)
 y - a wand of scattershot (13)
 B - a wand of iceblast (9)
 G - a wand of acid (24)
 M - a wand of clouds (4)
 T - a wand of disintegration (42)
Scrolls
 b - 4 scrolls of magic mapping
 f - 5 scrolls of teleportation
 u - a scroll of identify
 J - 10 scrolls of remove curse
 K - a scroll of silence
 N - 4 scrolls of fear
 Q - 3 scrolls of blinking
 V - 2 scrolls of fog
Potions
 d - 4 potions of lignification
 e - 7 potions of might
 g - 6 potions of flight
 i - 2 potions of resistance
 l - 12 potions of curing
 q - 2 potions of haste
 r - 5 potions of heal wounds
 z - 8 potions of brilliance
 C - 4 potions of agility
 E - 2 potions of magic
 I - 5 potions of mutation
 Z - 3 potions of cancellation
Books
 D - a manual of Ice Magic
Miscellaneous
 w - a lamp of fire
 R - 2 sacks of spiders
Comestibles
 c - 30 rations
 m - 12 chunks of flesh


   Skills:
 - Level 4.0 Fighting
 - Level 4.0 Armour
 + Level 12.4 Dodging
 - Level 3.0 Stealth
 * Level 3.1 Shields
 + Level 19.4 Spellcasting
 + Level 18.1 Conjurations
 - Level 2.0 Charms
 - Level 5.1 Summonings
 - Level 2.1 Necromancy
 + Level 18.3 Fire Magic
 + Level 12.2 Ice Magic
 * Level 5.2 Earth Magic
 - Level 10.1 Evocations


You had 6 spell levels left.
You knew the following spells:

 Your Spells              Type           Power        Failure   Level  Hunger
a - Ignition              Fire           #######...   2%          8    #####..
b - Conjure Flame         Conj/Fire      #######.     0%          3    None
c - Sticky Flame          Conj/Fire      #######.     0%          4    None
d - Fireball              Conj/Fire      #######...   1%          5    None
e - Spellforged Servitor  Conj/Summ      #######...   5%          7    ####...
f - Orb of Destruction    Conj           #######...   1%          7    ####...
h - Blink                 Tloc           N/A          3%          2    None
i - Freezing Cloud        Conj/Ice/Air   ######....   1%          6    None
j - Bolt of Magma         Conj/Fire/Erth #######...   1%          5    None
r - Regeneration          Chrm/Necr      #####.....   3%          3    None

Your spell library contained the following spells:

 Spells                   Type           Power        Failure   Level  Hunger
 Chain Lightning          Conj/Air       ######....   65%         8    #####..
 Shatter                  Erth           ######....   100%        9    #######
 Flame Tongue             Conj/Fire      #####        0%          1    None
 Magic Dart               Conj           ####         0%          1    None
 Throw Flame              Conj/Fire      ######       0%          2    None
 Animate Skeleton         Necr           N/A          1%          1    None
 Infusion                 Chrm           ####         1%          1    None
 Pain                     Necr           ####         1%          1    None
 Sting                    Conj/Pois      ####         1%          1    None
 Summon Butterflies       Summ           ######..     1%          1    None
 Summon Small Mammal      Summ           ####         1%          1    None
 Call Imp                 Summ           ######..     1%          2    None
 Ensorcelled Hibernation  Hex/Ice        ######       1%          2    None
 Passwall                 Tmut/Erth      #####...     1%          2    None
 Song of Slaying          Chrm           #####...     1%          2    None
 Call Canine Familiar     Summ           ######..     1%          3    None
 Dazzling Spray           Conj/Hex       ######       1%          3    None
 Ignite Poison            Fire/Tmut/Pois ######..     1%          3    None
 Inner Flame              Hex/Fire       ######..     1%          3    None
 Mephitic Cloud           Conj/Pois/Air  ######..     1%          3    None
 Ice Form                 Ice/Tmut       ######..     1%          4    None
 Throw Icicle             Conj/Ice       #######.     1%          4    None
 Iskenderun's Battlesphe  Conj/Chrm      ######..     1%          5    None
 Lightning Bolt           Conj/Air       ######....   1%          5    None
 Venom Bolt               Conj/Pois      ######....   1%          5    None
 Bolt of Fire             Conj/Fire      #######...   1%          6    None
 Iron Shot                Conj/Erth      #######...   1%          6    None
 Apportation              Tloc           ####..       2%          1    None
 Beastly Appendage        Tmut           ####..       2%          1    None
 Confusing Touch          Hex            ####..       2%          1    None
 Corona                   Hex            ####...      2%          1    None
 Shroud of Golubria       Chrm/Tloc      ####......   2%          2    None
 Swiftness                Chrm/Air       ####....     2%          2    None
 Lee's Rapid Deconstruct  Erth           ######....   2%          5    None
 Conjure Ball Lightning   Conj/Air       ######....   2%          6    None
 Poisonous Vapours        Pois/Air       ####..       3%          2    None
 Slow                     Hex            ####....     3%          2    None
 Sticks to Snakes         Tmut           ####....     3%          2    None
 Vampiric Draining        Necr           #####.....   3%          3    None
 Spectral Weapon          Hex/Chrm       ####....     4%          3    None
 Metabolic Englaciation   Hex/Ice        ######....   5%          5    None
 Olgreb's Toxic Radiance  Pois           ####....     7%          4    None
 Confuse                  Hex            ####....     8%          3    None
 Gell's Gravitas          Tloc           ####......   8%          3    None
 Lesser Beckoning         Tloc           ####......   8%          3    None
 Spider Form              Tmut/Pois      ####......   8%          3    None
 Teleport Other           Tloc           ####....     8%          3    None
 Tukima's Dance           Hex            ####....     8%          3    None
 Petrify                  Tmut/Erth      #####...     9%          4    None
 Summon Lightning Spire   Summ/Air       #####...     9%          4    None
 Aura of Abjuration       Summ           ######....   9%          5    None
 Animate Dead             Necr           N/A          11%         4    None
 Yara's Violent Unravell  Hex/Tmut       ####......   17%         5    None
 Cause Fear               Hex            ####......   24%         4    None
 Passage of Golubria      Tloc           N/A          24%         4    None
 Blade Hands              Tmut           ####......   56%         5    None
 Silence                  Hex/Air        ####......   56%         5    None
 Deflect Missiles         Chrm/Air       ####......   94%         6    None
 Darkness                 Hex            ####......   98%         6    None
 Invisibility             Hex            ####....     98%         6    None
 Ring of Flames           Chrm/Fire      ######....   32%         7    ####...
 Haunt                    Necr/Summ      #####.....   99%         7    ####...
 Borgnjor's Revivificati  Necr           #####.....   100%        8    #####..
 Death's Door             Chrm/Necr      #####.....   100%        8    #####..
 Discord                  Hex            ####......   100%        8    #####..
 Infestation              Necr           #####.....   100%        8    #####..
 Necromutation            Tmut/Necr      ####......   100%        8    #####..


Dungeon Overview and Level Annotations

Branches:
Dungeon (15/15)            Temple (1/1) D:5            Lair (6/6) D:11
  Swamp (0/4) Lair:2       Spider (0/4) Lair:2        Slime (0/5) Lair:5
    Orc (2/2) D:9             Elf (3/3) Orc:2        Vaults (0/5) D:13
 Depths (1/5) D:15

Altars:
Ashenzari
Elyvilon
Fedhas
Makhleb
Nemelex Xobeh
Qazlal
Sif Muna
Trog
Vehumet
Xom
Zin
The Shining One
Beogh
Jiyva

Shops:
D:5 *   D:8 *   D:10 *   D:13 ?(*=?   Orc:2 }[[(   Elf:1 (

Annotations:
D:11 3 runed doors
Lair:2 1 runed door, Cuyts's ghost, journeyman DsGl
Lair:5 exclusion: 4 oklob plants
Elf:2 2 runed doors


Message History

You kill the spark wasp!
Vehumet accepts your kill.
You feel your power returning.
Casting: Bolt of Magma (safe; 1% risk of failure)
Confirm with . or Enter, or press ? or * to list all spells.
You summon a servant imbued with your destructive magic!
You are near starving!
You swap places.
Your spellforged servitor conjures a glowing orb.
The wavering orb of destruction weakly hits the rakshasa!!
Your spellforged servitor hums quietly as it recharges.
The rakshasa gestures at you.
The orb of energy hits your spellforged servitor!!
Casting: Spellforged Servitor (slightly dangerous; 5% risk of failure)
Confirm with . or Enter, or press ? or * to list all spells.
Your skin crawls.
The rakshasa gestures at you.
The orb of energy hits your spellforged servitor!
The orb of energy explodes!
The mystic blast hits you!!
You die...

.# ≈≈≈≈# #.# ##
#≈###≈# #[# #
≈≈# #.# #.####)#
#......#
#######.######
.............#
#######.####...
#@# #.# #8# ##R#
#..# ##'######
######.†.....#
#....'[.†R.).#.#
##.###...)..R'.#


You could see a rakshasa and a friendly spellforged servitor.

Vanquished Creatures
  Saint Roka (Elf:3)
  Nikola (Elf:1)
  A Hellbinder (WizLab)
  A lich (Depths:1)
  2 deep elf blademasters (Elf:3)
  2 deep elf master archers (Elf:3)
  An orc warlord (Orc:1)
  4 deep elf sorcerers
  2 balrugs (WizLab)
  2 deep elf elementalists (Elf:3)
  A vampire knight (Depths:1)
  5 deep elf demonologists (Elf:3)
  A black sun (WizLab)
  A stone giant (Depths:1)
  6 deep elf annihilators (Elf:3)
  3 spark wasps (Depths:1)
  5 deep elf death magi (Elf:3)
  2 ettins (Depths:1)
  A green death (WizLab)
  Erolcha (Orc:1)
  A rakshasa (Depths:1)
  2 deep elf high priests (Elf:3)
  A vault guard (D:13)
  An ice dragon (Depths:1)
  7 hydras
  A hell beast (WizLab)
  4 centaur warriors
  An ogre mage (Depths:1)
  10 two-headed ogres
  11 dancing weapons
  3 deep troll earth magi (Depths:1)
  3 tengu warriors
  2 deep troll shamans (Depths:1)
  6 death yaks
  A soul eater (WizLab)
  2 orc high priests (Orc:1)
  19 deep elf knights
  An iron troll (Depths:1)
  A sixfirhy (WizLab)
  2 skeletal warriors (Volcano)
  2 unseen horrors
  2 shadow demons (WizLab)
  6 deep trolls (Depths:1)
  15 deep elf archers
  Pikel (D:5)
  A wolf spider zombie (D:15)
  An anaconda skeleton (Volcano)
  4 orc knights
  25 ugly things
  2 necromancers
  An orb spider (Lair:2)
  5 orc sorcerers
  A mana viper (shapeshifter) (Elf:3)
  5 cyclopes
  2 oklob plants
  2 manticores
  71 deep elf magi
  3 ice statues (IceCv)
  5 elephants (Lair:6)
  A naga mage (D:15)
  5 rust devils (WizLab)
  A molten gargoyle (D:13)
  5 black mambas
  A torpor snail (Lair:6)
  2 orange demons (WizLab)
  12 spiny frogs
  9 gargoyles
  10 komodo dragons
  A yaktaur (shapeshifter) (Elf:1)
  A kobold demonologist (D:12)
  3 yaktaurs (Depths:1)
  A hellion (WizLab)
  3 ice devils (WizLab)
  2 tormentors (WizLab)
  3 rime drakes
  5 hellwings (WizLab)
  2 tengu conjurers
  10 trolls
  A red devil (WizLab)
  10 slime creatures
  A harpy skeleton (Volcano)
  6 hornets
  7 polar bears
  12 blink frogs
  6 hippogriffs
  6 dream sheep
  A shadow (D:14)
  An air elemental (Elf:1)
  A centaur simulacrum (D:13)
  3 flying skulls (Volcano)
  An alligator skeleton (Volcano)
  A ynoxinul (WizLab)
  13 spriggans
  3 water elementals
  3 basilisks
  A vampire (D:9)
  5 wyverns
  3 hungry ghosts
  A fire elemental (Elf:2)
  A golden eye (shapeshifter) (D:15)
  51 yaks
  A chaos spawn (WizLab)
  Grum (Lair:1)
  14 two-headed ogre zombies (Orc:1)
  8 vampire mosquitoes
  2 redback simulacra (D:15)
  7 wargs
  2 soldier ants
  14 water moccasins
  Menkaure (D:5)
  2 acid dragons
  12 porcupines
  2 sky beasts
  65 orc warriors
  11 ice beasts
  9 black bears
  8 ogres
  2 slaves (D:5)
  3 phantoms
  12 boggarts
  29 wolves
  34 centaurs
  14 crocodiles
  4 big kobolds
  30 bullfrogs
  4 earth elementals
  A wyvern zombie (D:13)
  7 gnoll sergeants (Bailey)
  5 scorpions
  2 water moccasin skeletons
  6 killer bees
  A troll skeleton (Volcano)
  10 wights
  5 howler monkeys
  8 electric eels
  5 centaur zombies
  3 crimson imps
  2 bullfrog zombies
  7 jellies
  25 orc wizards
  3 bullfrog skeletons
  6 gnoll shamans (Bailey)
  31 orc priests
  9 centaur skeletons
  5 hounds
  5 iguanas
  10 worker ants
  4 yak simulacra (Lair:3)
  3 polar bear simulacra (Lair:3)
  2 wolf simulacra (Lair:3)
  A bullfrog simulacrum (D:13)
  A naga skeleton (Volcano)
  A hound zombie (D:10)
  3 hound skeletons
  3 worker ant zombies
  10 adders
  14 gnolls (Bailey)
  A river rat (Lair:1)
  3 shadow imps
  2 white imps (D:13)
  A worker ant simulacrum (D:11)
  An ufetubus (D:13)
  An adder zombie (D:9)
  A dart slug (D:2)
  2 worms (D:3)
  8 leopard geckos
  151 orcs
  12 giant cockroaches
  11 goblins
  9 hobgoblins
  15 jackals
  3 quokkas
  A ball python (D:1)
  7 bats
  4 frilled lizards
  21 kobolds
  A leopard gecko skeleton (D:4)
  A quokka skeleton (D:4)
  A quokka zombie (D:5)
  22 rats
  2 river rat simulacra (Lair:3)
  2 crawling corpses (Elf:3)
  2 fungi
  6 plants
1271 creatures vanquished.

Vanquished Creatures (collateral kills)
  2 deep troll shamans (Depths:1)
  An iron troll (Depths:1)
  A deep troll (Depths:1)
4 creatures vanquished.

Vanquished Creatures (others)
  An ogre mage (Depths:1)
  2 orc warriors (Orc:1)
  An ogre (Depths:1)
  A gnoll sergeant (Bailey)
  A hound skeleton (D:5)
  16 fungi
  7 plants
29 creatures vanquished.

Grand Total: 1304 creatures vanquished

Notes
Turn   | Place    | Note
-------+----------+-------------------------------------------
     0 | D:1      | Arthanis the Deep Elf Fire Elementalist began the quest for
                  | the Orb.
     0 | D:1      | Reached XP level 1. HP: 10/10 MP: 6/6
    72 | D:1      | Reached XP level 2. HP: 15/15 MP: 0/8
   236 | D:1      | Found a shattered altar of Ashenzari.
   423 | D:1      | Reached XP level 3. HP: 6/19 MP: 0/9
   428 | D:1      | Learned a level 3 spell: Conjure Flame
  1504 | D:2      | Reached XP level 4. HP: 24/24 MP: 9/11
  1600 | D:2      | Learned a level 4 spell: Sticky Flame
  1756 | D:2      | Found a deep blue altar of Sif Muna.
  2244 | D:3      | Found a glowing silver altar of Zin.
  2244 | D:3      | Found a sparkling altar of Nemelex Xobeh.
  2413 | D:3      | Reached skill level 4 in Spellcasting
  2425 | D:3      | Found a faded altar of an unknown god.
  2468 | D:3      | Reached XP level 5. HP: 28/28 MP: 13/13
  2883 | D:4      | Noticed an ogre
  2891 | D:4      | Killed an ogre
  2891 | D:4      | Reached skill level 5 in Fire Magic
  2891 | D:4      | Reached skill level 1 in Evocations
  2891 | D:4      | Reached XP level 6. HP: 32/32 MP: 14/14
  3091 | D:4      | Found a stormy altar of Qazlal.
  3169 | D:4      | Reached skill level 5 in Spellcasting
  3169 | D:4      | Reached XP level 7. HP: 36/36 MP: 4/16
  3176 | D:4      | Learned a level 5 spell: Fireball
  3302 | D:4      | Reached skill level 5 in Conjurations
  3422 | D:4      | Found a shimmering altar of Xom.
  3993 | D:5      | Entered Level 5 of the Dungeon
  3995 | D:5      | Found Vuiqugh's General Store.
  4121 | D:5      | Found a staircase to the Ecumenical Temple.
  4130 | Temple   | Entered the Ecumenical Temple
  4145 | Temple   | Became a worshipper of Vehumet
  4357 | D:5      | Bought a scroll of identify for 24 gold pieces
  4357 | D:5      | Bought a scroll of random uselessness for 12 gold pieces
  4423 | D:5      | Noticed Pikel
  4464 | D:5      | Killed Pikel
  4464 | D:5      | Reached skill level 6 in Spellcasting
  4464 | D:5      | Reached XP level 8. HP: 41/41 MP: 7/19
  4527 | D:5      | Noticed Menkaure
  4529 | D:5      | Killed Menkaure
  5020 | D:6      | Reached skill level 7 in Spellcasting
  5211 | D:7      | Reached XP level 9. HP: 45/45 MP: 21/21
  5222 | D:7      | Reached * piety under Vehumet
  5222 | D:7      | Offered knowledge of Sandblast by Vehumet.
  5282 | D:7      | Found a flagged portal.
  5328 | Bailey   | Entered a bailey
  5432 | Bailey   | Reached skill level 8 in Spellcasting
  5654 | Bailey   | Reached ** piety under Vehumet
  5654 | Bailey   | Offered knowledge of Throw Frost by Vehumet.
  5958 | D:7      | Learned a level 2 spell: Throw Frost
  6111 | D:7      | Reached skill level 10 in Fire Magic
  6292 | D:7      | Found a glowing golden altar of the Shining One.
  6414 | D:8      | Found Oras's Assorted Antiques.
  6417 | D:8      | Bought a scroll of identify for 48 gold pieces
  6417 | D:8      | Bought a black potion for 21 gold pieces
  6417 | D:8      | Bought a scroll of blinking for 180 gold pieces
  6417 | D:8      | Bought a gluggy blue potion for 21 gold pieces
  6417 | D:8      | Bought a hardcover book for 360 gold pieces
  6417 | D:8      | Bought a chunky metal-bound book for 360 gold pieces
  6421 | D:8      | Learned a level 3 spell: Regeneration
  6440 | D:8      | Found a deep blue altar of Sif Muna.
  6461 | D:8      | Reached XP level 10. HP: 50/50 MP: 24/24
  6622 | D:8      | Offered knowledge of Searing Ray by Vehumet.
  7124 | D:9      | Reached *** piety under Vehumet
  7124 | D:9      | Reached skill level 10 in Conjurations
  7124 | D:9      | Reached skill level 5 in Evocations
  7229 | D:9      | Found a staircase to the Orcish Mines.
  7239 | D:9      | Reached skill level 9 in Spellcasting
  7514 | D:10     | Entered Level 10 of the Dungeon
  7565 | D:10     | Offered knowledge of Throw Icicle by Vehumet.
  7638 | D:10     | Got an ichor-stained spear
  7639 | D:10     | Identified the +8 spear of Somewhere Else {speed, rPois
                  | rF+} (You found it on level 10 of the Dungeon)
  7756 | D:10     | Noticed a gargoyle
  7762 | D:10     | Killed a gargoyle
  7762 | D:10     | Reached XP level 11. HP: 35/54 MP: 20/26
  7819 | D:10     | Found Qis Dan's General Store.
  7825 | D:10     | Bought an uncursed ring of fire for 325 gold pieces
  7897 | D:10     | Noticed an unseen horror
  7899 | D:10     | Killed an unseen horror
  7916 | D:10     | Reached **** piety under Vehumet
  7916 | D:10     | Reached skill level 10 in Spellcasting
  7955 | D:10     | Offered knowledge of Bolt of Draining by Vehumet.
  8553 | D:11     | Reached ***** piety under Vehumet
  8583 | D:11     | Reached skill level 1 in Fighting
  8591 | D:11     | Found a staircase to the Lair.
  8630 | D:11     | Found a blossoming altar of Fedhas.
  8670 | D:11     | Found a blossoming altar of Fedhas.
  8690 | D:11     | Offered knowledge of Iron Shot by Vehumet.
  8699 | D:11     | Learned a level 6 spell: Iron Shot
  8984 | D:11     | You fall through a shaft!
  9097 | D:11     | Noticed a cyan ugly thing
  9107 | D:11     | Killed a cyan ugly thing
  9269 | D:11     | Noticed a six-headed hydra
  9272 | D:11     | Killed a six-headed hydra
  9285 | D:11     | Found a runed door.
  9285 | D:11     | Found a runed door.
  9285 | D:11     | Noticed a lindwurm
  9331 | D:11     | Reached XP level 12. HP: 62/62 MP: 22/28
  9339 | D:11     | Found a runed door.
  9395 | D:11     | Reached skill level 11 in Spellcasting
  9668 | D:12     | Reached skill level 5 in Dodging
 10137 | Orc:1    | Entered Level 1 of the Orcish Mines
 10313 | Orc:1    | Noticed an orc warlord
 10323 | Orc:1    | Noticed an orc high priest
 10400 | Lair:1   | Entered Level 1 of the Lair of Beasts
 10438 | Lair:1   | Reached skill level 12 in Spellcasting
 10445 | Lair:1   | Reached skill level 1 in Armour
 10525 | Lair:1   | Offered knowledge of Ozocubu's Refrigeration by Vehumet.
 11164 | Lair:1   | Noticed Grum
 11168 | Lair:1   | Killed Grum
 11174 | Lair:1   | Reached XP level 13. HP: 66/66 MP: 31/31
 11337 | Lair:2   | Found a runed door.
 11343 | Lair:2   | Noticed Cuyts's ghost (journeyman DsGl)
 11458 | Lair:2   | Found a hole to the Spider Nest.
 11829 | Lair:2   | Found a staircase to the Swamp.
 12191 | Lair:3   | Found a frozen archway.
 12230 | IceCv    | Entered an ice cave
 12970 | Lair:3   | Learned a level 3 spell: Mephitic Cloud
 12973 | Lair:3   | Learned a level 2 spell: Blink
 13244 | Lair:4   | Found a white marble altar of Elyvilon.
 13332 | Lair:4   | Found a dark tunnel.
 13338 | Volcano  | Entered a volcano
 13451 | Volcano  | Reached skill level 1 in Charms
 13451 | Volcano  | Reached skill level 1 in Necromancy
 13872 | Lair:4   | Reached skill level 15 in Fire Magic
 13872 | Lair:4   | Reached XP level 14. HP: 75/75 MP: 32/32
 13902 | Lair:4   | Reached ****** piety under Vehumet
 14441 | Lair:5   | Found a viscous altar of Jiyva.
 14442 | Lair:5   | Found a staircase to the Slime Pits.
 14474 | Lair:5   | Reached skill level 13 in Spellcasting
 14826 | Lair:5   | Offered knowledge of Freezing Cloud by Vehumet.
 14834 | Lair:5   | Learned a level 6 spell: Freezing Cloud
 15043 | Lair:6   | Entered Level 6 of the Lair of Beasts
 15075 | Lair:6   | Reached skill level 1 in Ice Magic
 15155 | Lair:6   | Reached skill level 15 in Conjurations
 15686 | Lair:6   | Offered knowledge of Bolt of Magma by Vehumet.
 15699 | Lair:6   | Learned a level 5 spell: Bolt of Magma
 15787 | Lair:6   | Identified the Catalogue of the Volcanoes
 16027 | Lair:6   | Reached skill level 5 in Ice Magic
 16676 | Orc:1    | Killed an orc warlord
 16768 | Orc:1    | Found a roughly hewn altar of Beogh.
 16956 | Orc:1    | Reached XP level 15. HP: 80/80 MP: 34/34
 16960 | Orc:1    | Reached skill level 14 in Spellcasting
 16960 | Orc:1    | Reached XP level 16. HP: 84/84 MP: 36/36
 17053 | Orc:1    | Noticed Erolcha
 17054 | Orc:1    | Killed Erolcha
 17406 | Orc:2    | Entered Level 2 of the Orcish Mines
 17409 | Orc:2    | Offered knowledge of Spellforged Servitor by Vehumet.
 17562 | Orc:2    | Found a bloodstained altar of Trog.
 17580 | Orc:2    | Reached skill level 10 in Dodging
 17931 | Orc:2    | Found Komarr's Armour Emporium.
 17931 | Orc:2    | Found Affa's Armour Shop.
 17934 | Orc:2    | Found Deelatuxt's Gadget Shoppe.
 17936 | Orc:2    | Found Gidixaypn's Weapon Boutique.
 17947 | Orc:2    | Bought a lamp of fire for 560 gold pieces
 17947 | Orc:2    | Bought a sack of spiders for 280 gold pieces
 17962 | Orc:2    | Found a staircase to the Elven Halls.
 18227 | Orc:2    | Learned a level 7 spell: Spellforged Servitor
 18354 | Elf:1    | Entered Level 1 of the Elven Halls
 18358 | Elf:1    | Found a magical portal.
 18367 | WizLab   | Entered The Hall of the Hellbinder
 18601 | WizLab   | Reached skill level 1 in Summonings
 18979 | WizLab   | Found a burning altar of Makhleb.
 18991 | WizLab   | Identified the Tome of Incorporation
 19033 | WizLab   | Identified the amulet of No Interval {Harm *Drain rElec
                  | Dex+3}
 19033 | WizLab   | Noticed Mivaill
 19072 | WizLab   | Killed Mivaill the Hellbinder
 19217 | Elf:1    | Found Onnysuhuy's Weapon Boutique.
 19223 | Elf:1    | Bought the cursed +2 rapier of Untimely Demise {freeze, rF+
                  | MP+9 Dex-4} for 696 gold pieces
 19291 | Elf:1    | Offered knowledge of Conjure Ball Lightning by Vehumet.
 19337 | Elf:1    | Noticed Nikola
 19349 | Elf:1    | Killed Nikola
 20096 | Elf:1    | Identified the Handbook of Confrontation and Summoning
 20204 | Elf:2    | Reached XP level 17. HP: 78/88 MP: 37/37
 20303 | Elf:2    | Found a runed door.
 20470 | Elf:2    | Found a runed door.
 20673 | Elf:2    | Reached skill level 15 in Spellcasting
 20703 | Elf:2    | Offered knowledge of Poison Arrow by Vehumet.
 20704 | Elf:2    | Reached skill level 10 in Ice Magic
 21079 | Elf:3    | Entered Level 3 of the Elven Halls
 21106 | Elf:3    | Noticed Saint Roka
 21115 | Elf:3    | Killed Saint Roka
 21410 | Elf:3    | Reached skill level 5 in Summonings
 21761 | Elf:3    | Offered knowledge of Shatter by Vehumet.
 21761 | Elf:3    | Offered knowledge of Chain Lightning by Vehumet.
 21761 | Elf:3    | Offered knowledge of Ignition by Vehumet.
 21798 | Elf:3    | Reached skill level 10 in Evocations
 21906 | Elf:3    | Identified the ring "Liedolas" {rF+ MR+ Dex+2 SInv}
 21982 | Elf:3    | Reached skill level 16 in Spellcasting
 21982 | Elf:3    | Reached XP level 18. HP: 94/94 MP: 40/40
 22217 | Elf:3    | Reached skill level 17 in Spellcasting
 22220 | Elf:3    | Identified the cursed +2 mace of the Several Coins {freeze,
                  | *Slow Str+5}
 22220 | Elf:3    | Identified the amulet of the Jester {Spirit Str+2}
 22393 | Elf:3    | Identified Sif Muna's Almanac of Gliding Toxins
 22413 | Elf:3    | Identified the cursed +1 hand axe "Vamuw" {chop, rPois}
                  | (You found it on level 3 of the Elven Halls)
 22433 | Elf:3    | Learned a level 8 spell: Ignition
 22442 | Elf:3    | Learned a level 7 spell: Orb of Destruction
 22770 | D:13     | Found a shimmering altar of Xom.
 22803 | D:13     | Reached skill level 18 in Spellcasting
 22840 | D:13     | Found Fiureawn's Jewellery Shoppe.
 22849 | D:13     | Bought the amulet "Ofiaqystruat" {Reflect rElec SH+5} for
                  | 993 gold pieces
 22898 | D:13     | Found Ycicarayn's Weapon Shoppe.
 22972 | D:13     | Found Suutozym's Assorted Antiques.
 22980 | D:13     | Bought a leatherbound book for 405 gold pieces
 22980 | D:13     | Bought a scroll of identify for 54 gold pieces
 22980 | D:13     | Bought a scroll of identify for 54 gold pieces
 22980 | D:13     | Bought a scroll labeled GOTZAC MUOMAL for 27 gold pieces
 22980 | D:13     | Bought a scroll of fear for 94 gold pieces
 23012 | D:13     | Found Zaerowau's Magic Scroll Emporium.
 23178 | D:13     | Found Qeicer's Magic Scroll Emporium.
 23274 | D:13     | Found a gate to the Vaults.
 23443 | D:14     | Identified the +10 great sword of the Solstice {antimagic,
                  | rC- MR+ Stlth+} (You found it on level 14 of the Dungeon)
 23692 | D:14     | Identified a scroll of acquirement
 23767 | D:14     | Reached skill level 19 in Spellcasting
 23921 | D:15     | Entered Level 15 of the Dungeon
 23970 | D:15     | Reached skill level 1 in Earth Magic
 24307 | D:15     | Found a staircase to the Depths.
 24557 | Depths:1 | Entered Level 1 of the Depths
 24563 | Depths:1 | Reached skill level 1 in Shields
 24813 | Depths:1 | Reached XP level 19. HP: 98/98 MP: 44/44
 25014 | Depths:1 | Reached skill level 5 in Earth Magic
 25027 | Depths:1 | Killed from afar by a rakshasa

Vault maps used:
D:1:      erik_arrival_orb_chamber, evilmike_ruin_ashenzari
D:2:      minmay_wonky_spiral, old_standard_altar, first_ration
D:3:      minmay_roachtagon, gammafunk_temple_overflow_statue,
          chequers_ecumenical_altar_simple
D:4:      overflow_temple_1_default, xom_butterflies, minmay_three_crescents
D:5:      minmay_temple_entry_statues_pillars, serial_shops,
          nicolae_shop_waterfront, corexii_leaking_fountain, uniq_menkaure,
          uniq_pikel
D:7:      tso_oasis_becter, enter_bailey_6, kennysheep_generic_room_10
D:8:      serial_shops, kennysheep_mini, grunt_pizzeria, kennysheep_small_circle
D:9:      orc_0_dummy, minivault_19, hex_medium
D:10:     serial_shops, nicolae_shop_trees
D:11:     minmay_the_grid_triangle_9x9_recursive_3_mashed,
          due_lair_maze_entry_diamond, basic_altar
D:13:     david_vaults_5, serial_ice, serial_ice_j, serial_ice_c, serial_ice_o,
          serial_ice_h, serial_ice_e, serial_shops, nicolae_shop_waterfront,
          shop, shop, shop, minmay_shop_enchanted_jewellery, lemuel_tele_altar
D:15:     grunt_enter_depths_magical_seal, minmay_misc_feat_more_columns,
          minmay_misc_feat_tower
Temple:   bh_familiar_temple
Lair:1:   nicolae_quartered_pool_little, minivault_27, pond, lemuel_fruit_tree,
          uniq_grum
Lair:2:   swamp_mist_pool, nicolae_spider_entry_orb_guardian,
          ebering_ghost_inner_flame, grunt_megastairs_3
Lair:3:   cheibrodos_lair_river_kwai, portal_ice_cave_entry_pillars_2,
          minmay_holes, eino_house_with_fridge
Lair:4:   basic_altar, nicolae_volcano_entry_s_turn, serial_bayou,
          serial_bayou_lake_a, serial_bayou_crossing, serial_bayou_pond_d,
          serial_bayou_pond_d, beast_lair_carwin_4
Lair:5:   slime_altar_1, minmay_lair_oklob_chamber
Lair:6:   minmay_lair_end_enchanted_forest, serial_rivers,
          chequers_serial_rivers_micro_e, chequers_serial_rivers_micro_d,
          chequers_serial_rivers_large_a, chequers_serial_rivers_micro_e,
          chequers_serial_rivers_small_a, chequers_serial_rivers_micro_e
Orc:1:    lemuel_ogre_cave, minmay_orc_temple_c
Orc:2:    st_orc_rangers, trog_book
Elf:1:    serial_shops, shop_fountains, mu_enter_wizlab_6, minmay_elf_sorcery,
          uniq_nikola
Elf:2:    elves_outpost_lemuel
Elf:3:    elf_hall_gauntlet_wide, uniq_saint_roka
Depths:1: enter_ziggurat_e, pan_entry, hell_entry, minmay_crystal_water,
          minivault_22, chequers_serial_rivers_micro_c,
          chequers_serial_rivers_small_b, lemuel_flame_loot_1, minmay_shop_star
Bailey:   bailey_polearm_gnolls_kennysheep, bailey
IceCv:    ice_cave_statue_garden_chambered
Volcano:  volcano_tomb
WizLab:   wizlab_demon

Skill      XL: |  1  2  3  4  5  6  7  8  9 10 11 12 13 14 15 16 17 18 19 |
---------------+----------------------------------------------------------+-----
Conjurations   | 2 3 4 6 7 9 11 12 13 14 15 16 17 18 | 18.1
Fire Magic     | 4 5 7 8 10 11 12 14 15 16 17 18 | 18.3
Spellcasting   | 4 5 6 7 8 9 10 12 13 14 16 19 | 19.4
Evocations     | 1 2 3 4 6 7 8 9 10 | 10.1
Stealth        | 3 |  3.0
Dodging        | 4 6 8 9 10 11 12 | 12.4
Fighting       | 2 3 4 |  4.0
Armour         | 1 2 3 4 |  4.0
Charms         | 2 |  2.0
Necromancy     | 2 |  2.1
Ice Magic      | 5 6 9 11 12 | 12.2
Summonings     | 3 5 |  5.1
Earth Magic    | 4 5 |  5.2
Shields        | 2 3 |  3.1

Action                   |  1- 3 |  4- 6 |  7- 9 | 10-12 | 13-15 | 16-18 | 19-21 || total
-------------------------+-------+-------+-------+-------+-------+-------+-------++-------
Melee: Unarmed           |     2 |       |       |       |       |       |       ||     2
       Dagger            |    14 |       |       |       |       |       |       ||    14
       Short sword       |     2 |       |       |       |       |       |       ||     2
       Long sword        |       |     2 |     6 |       |       |       |       ||     8
       Great sword       |       |       |       |    17 |       |       |       ||    17
       Spear             |       |       |       |    29 |    14 |    60 |       ||   103
       Staff             |       |       |       |       |     1 |       |       ||     1
       Rapier            |       |       |       |       |       |    29 |       ||    29
 Cast: Flame Tongue      |    68 |   116 |   228 |   331 |   175 |    43 |       ||   961
       Conjure Flame     |       |     5 |    20 |    32 |     6 |    12 |       ||    75
       Fireball          |       |       |    14 |   107 |   264 |   491 |    16 ||   892
       Sticky Flame      |       |       |    10 |    52 |    69 |    32 |     2 ||   165
       Regeneration      |       |       |       |    20 |    24 |    31 |     2 ||    77
       Throw Frost       |       |       |       |     9 |       |       |       ||     9
       Bolt of Magma     |       |       |       |       |     1 |    44 |     2 ||    47
       Blink             |       |       |       |       |     1 |       |       ||     1
       Iron Shot         |       |       |       |       |       |    24 |       ||    24
       Freezing Cloud    |       |       |       |       |       |    25 |     1 ||    26
       Ignition          |       |       |       |       |       |    17 |     4 ||    21
       Orb of Destructio |       |       |       |       |       |    13 |     7 ||    20
       Spellforged Servi |       |       |       |       |       |       |     2 ||     2
Evoke: Wand              |       |       |    14 |     9 |       |     5 |       ||    28
       Sack of spiders   |       |       |       |       |       |     4 |       ||     4
  Use: Scroll            |       |       |    17 |    11 |    25 |    27 |     2 ||    82
       Potion            |       |       |     1 |       |     1 |     5 |     2 ||     9
 Stab: Sleeping          |     2 |       |       |       |       |       |       ||     2
       Distracted        |       |       |       |     1 |       |       |       ||     1
  Eat: Chunk             |     2 |     5 |     5 |    17 |    29 |    24 |     1 ||    83
       Ration            |       |       |     3 |     2 |     2 |     5 |       ||    12
Armor: Robe              |     7 |     5 |    11 |    22 |       |       |       ||    45
       Troll leather arm |       |       |       |     5 |    43 |    43 |     2 ||    93
Dodge: Dodged            |    63 |    12 |    31 |   130 |   120 |   162 |     8 ||   526
       Deflected         |       |       |     3 |    13 |     3 |    44 |       ||    63
Block: Buckler           |       |       |       |       |       |       |     5 ||     5
       Rpst.: Long sword |       |     1 |     6 |       |       |       |       ||     7
       Great sword       |       |       |     4 |    28 |       |       |       ||    32

Table legend:
 A = Non-vault XP
 B = Vault XP
 C = Vault XP percentage of total XP
 D = Non-vault monster count
 E = Vault monster count
 F = Vault count percentage of total count
                 A         B        C        D         E       F
            +---------+---------+-------+---------+---------+-------
      Total |  205425 |  138366 |  40.2 |     832 |     433 |  34.2
            +---------+---------+-------+---------+---------+-------
        D:1 |      43 |      12 |  21.8 |      27 |      12 |  30.8
        D:2 |      57 |      10 |  14.9 |      19 |       4 |  17.4
        D:3 |      83 |      16 |  16.2 |      24 |       8 |  25.0
        D:4 |     728 |      48 |   6.2 |      23 |       4 |  14.8
        D:5 |     192 |     808 |  80.8 |      14 |       2 |  12.5
        D:6 |     758 |       0 |   0.0 |      15 |       0 |   0.0
        D:7 |    1340 |      61 |   4.4 |      17 |       1 |   5.6
        D:8 |     798 |     247 |  23.6 |      26 |       2 |   7.1
        D:9 |    2070 |       0 |   0.0 |      31 |       0 |   0.0
       D:10 |    5851 |     626 |   9.7 |      55 |      26 |  32.1
       D:11 |    2058 |    6598 |  76.2 |      32 |      29 |  47.5
       D:12 |    6165 |       0 |   0.0 |      32 |       0 |   0.0
       D:13 |    6245 |    2145 |  25.6 |      35 |      11 |  23.9
       D:14 |   11606 |       0 |   0.0 |      40 |       0 |   0.0
       D:15 |   15767 |    4605 |  22.6 |      41 |      10 |  19.6
     Lair:1 |    2875 |    1062 |  27.0 |      17 |      10 |  37.0
     Lair:2 |    4746 |    1016 |  17.6 |      18 |       2 |  10.0
     Lair:3 |    4063 |    3295 |  44.8 |      18 |      19 |  51.4
     Lair:4 |    4984 |    2063 |  29.3 |      20 |       6 |  23.1
     Lair:5 |    5205 |    1212 |  18.9 |      19 |       5 |  20.8
     Lair:6 |   16732 |    7964 |  32.2 |      49 |      45 |  47.9
      Orc:1 |    5094 |    8961 |  63.8 |      58 |      52 |  47.3
      Orc:2 |    5723 |    4232 |  42.5 |      47 |      37 |  44.0
      Elf:1 |   16918 |   10559 |  38.4 |      29 |      10 |  25.6
      Elf:2 |   22842 |    8671 |  27.5 |      37 |      13 |  26.0
      Elf:3 |   23971 |   44693 |  65.1 |      36 |      40 |  52.6
   Depths:1 |   38511 |       0 |   0.0 |      53 |       0 |   0.0
     Bailey |       0 |    1245 | 100.0 |       0 |      30 | 100.0
      IceCv |       0 |    3197 | 100.0 |       0 |      11 | 100.0
    Volcano |       0 |    4709 | 100.0 |       0 |      13 | 100.0
     WizLab |       0 |   20311 | 100.0 |       0 |      31 | 100.0
            +---------+---------+-------+---------+---------+-------
